 Dungeon Crawl Stone Soup version 0.19-a0-1815-g4007336 (webtiles) character file.

84 JeffiDaFish the Sneak (level 4, 0/32 HPs)
             Began as a Vampire Enchanter on Oct 5, 2016.
             Slain by an orc wizard
             ... wielding a +0 spear
              (1 damage)
             ... on level 3 of the Dungeon.
             The game lasted 00:07:14 (2994 turns).

JeffiDaFish the Sneak (Vampire Enchanter)           Turns: 2994, Time: 00:07:16

Health: 0/32       AC:  5    Str:  8    XL:     4   Next: 23%
Magic:  6/7        EV: 13    Int: 17    God:
Gold:   82         SH:  0    Dex: 14    Spells: 3 memorised, 1 level left

rFire  . . .     SeeInvis +     a - +1 dagger
rCold  . . .     Gourm    .     b - +1 robe
rNeg   + . .     Faith    .     (no shield)
rPois  .         Spirit   .     (no helmet)
rElec  .         Dismiss  .     (no cloak)
rCorr  .         Reflect  .     (no gloves)
MR     .....     Harm     .     (no boots)
Stlth  +++.......               (no amulet)
                                (no ring)
                                f - +2 ring of protection

@: lethally poisoned (0 -> -25)
A: fangs 3, see invisible, unbreathing
a: Bat Form


You were on level 3 of the Dungeon.
You were not thirsty.

You visited 1 branch of the dungeon, and saw 3 of its levels.

You collected 82 gold pieces.

Inventory:

Hand Weapons
 a - a +1 dagger (weapon)
Armour
 b - a +1 robe (worn)
Jewellery
 f - a +2 ring of protection (left hand)
Scrolls
 e - a scroll of teleportation
 g - 3 scrolls of identify
 h - a scroll of fog {unknown}
Potions
 d - 13 potions of blood
Books
 c - a book of Maledictions

   Spells                             Type                      Level
   a - Corona                         Hexes                        1
   b - Ensorcelled Hibernation        Hexes/Ice                    2
   c - Confuse                        Hexes                        3
   d - Tukima's Dance                 Hexes                        3
   e - Dazzling Spray                 Conjuration/Hexes            3


   Skills:
 + Level 1.0 Fighting
 + Level 1.8 Short Blades
 + Level 3.0 Dodging
 + Level 5.5 Stealth
 * Level 2.2 Spellcasting
 + Level 5.0 Hexes
 + Level 0.2 Ice Magic


You had one spell level left.
You knew the following spells:

 Your Spells              Type           Power        Failure   Level  Hunger
a - Corona                Hex            ###....      2%          1    #......
b - Ensorcelled Hibernat  Hex/Ice        ##....       12%         2    ###....
c - Confuse               Hex            ###.....     10%         3    ###....


Dungeon Overview and Level Annotations

Branches:
Dungeon (3/15)

Altars:


Innate Abilities, Weirdness & Mutations

You have razor-sharp teeth.
You have supernaturally acute eyesight. (SInv)
You can survive without breathing.


Message History

The orc wizard closely misses you.
The orc wizard casts a spell.
The orc wizard seems to speed up.
* * * LOW HITPOINT WARNING * * *
You feel sick.
The orc wizard hits you but does no damage.
You barely miss the orc priest.
* * * LOW HITPOINT WARNING * * *
You feel sick.
The orc priest hits you but does no damage.
You are more poisoned.
The orc priest begins to cast a cantrip, but forgets the words!
The orc wizard barely misses you.
You hit the orc priest but do no damage.
* * * LOW HITPOINT WARNING * * *
You feel sick. The orc priest barely misses you.
The orc priest calls upon Beogh to heal the orc wizard.
The orc wizard is healed somewhat.
The orc wizard hits you from afar with a spear.
You die...

#.#########.# #. #.#
#...##.# #. #.#
#.#....# #. #.#
#...#### #o #.#
##.###(. #o #.# #.#
#.# #. #.# #.# #.#
#o######.# #.# #.#
#oo@<....#####.###.#
######.............#
#.#..#######..#
#.#.#.######..#
#.##.....oo#...
#.########o#.## #.#
.#... #.# o#### #.#
o#


You could see 2 orc priests and an orc wizard.

Vanquished Creatures
  4 adders
  A worm (D:2)
  A leopard gecko (D:1)
  6 bats
  4 giant cockroaches
  4 goblins (D:1)
  6 hobgoblins
  5 kobolds
  A quokka (D:2)
  A frilled lizard (D:1)
  10 rats
43 creatures vanquished.

Notes
Turn   | Place    | Note
-------+----------+-------------------------------------------
     0 | D:1      | JeffiDaFish the Vampire Enchanter began the quest for the Orb.
     0 | D:1      | Reached XP level 1. HP: 13/13 MP: 3/3
   110 | D:1      | Reached XP level 2. HP: 19/19 MP: 5/5
   345 | D:1      | Reached skill level 5 in Stealth
   588 | D:1      | Reached XP level 3. HP: 5/24 MP: 6/6
   604 | D:1      | HP: 1/24 [poisoned by an adder]
  1068 | D:1      | Learned a level 2 spell: Ensorcelled Hibernation
  1072 | D:1      | Learned a level 3 spell: Confuse
  1875 | D:2      | Reached skill level 1 in Fighting
  1875 | D:2      | Reached XP level 4. HP: 32/32 MP: 2/7
  1961 | D:2      | Reached skill level 5 in Hexes
  2648 | D:3      | HP: 1/32 [poisoned by an orc priest]
  2994 | D:3      | HP: 1/32 [poisoned by an orc priest]
  2994 | D:3      | Slain by an orc wizard

Vault maps used:
D:1:      lightli_arrival_maybe_door_vault
D:3:      grunt_ministairs_11

Skill      XL: |  1  2  3  4 |
---------------+-------------+-----
Stealth        | 5 |  5.5
Fighting       | 1 |  1.0
Hexes          | 5 |  5.0
Dodging        | 3 |  3.0
Short Blades   | |  1.8
Spellcasting   | |  2.2
Ice Magic      | |  0.2

Action                   |  1- 3 |  4- 6 || total
-------------------------+-------+-------++-------
Melee: Dagger            |   141 |    30 ||   171
       Bite              |     7 |       ||     7
 Cast: Corona            |     1 |       ||     1
       Ensorcelled Hiber |     2 |     1 ||     3
 Abil: End Transformatio |     1 |     1 ||     2
       Bat Form          |     1 |     1 ||     2
  Use: Scroll            |     3 |       ||     3
       Potion            |     3 |     7 ||    10
 Stab: Sleeping          |     7 |     3 ||    10
       Distracted        |     1 |       ||     1
Armor: Robe              |    28 |     6 ||    34
Dodge: Dodged            |    87 |    16 ||   103
